 Dungeon Crawl Stone Soup version 0.31-a0-232-gb1c03b2570 (webtiles) character file.

Game seed: 16319387112399174212

98 qw the Shooter (level 4, 0/26 HPs)
             Began as a Gargoyle Hexslinger on July 7, 2023.
             Slain by a gnoll
             ... wielding a +0 flail
              (4 damage)
             ... on level 4 of the Dungeon.
             The game lasted 00:00:52 (2282 turns).

qw the Shooter (Gargoyle Hexslinger)                Turns: 2282, Time: 00:00:52

Health: 0/26       AC:  8    Str: 12    XL:     4   Next: 71%
Magic:  5/5        EV: 11    Int: 13    God:
Gold:   157        SH:  0    Dex: 20    Spells: 4/5 levels left

rFire   . . .        Y - +1 sling (heavy)
rCold   . . .        (no shield)
rNeg    + . .        n - +0 ring mail
rPois   inf          (no helmet)
rElec   +            (no cloak)
rCorr   +            (no gloves)
SInv    .            (no boots)
Will    .....        k - amulet of faith
Stlth   +            j - +6 ring of dexterity
HPRegen 0.24/turn    h - ring of resist corrosion
MPRegen 0.09/turn

%: faith
@: no status effects
A: sickness immunity, AC +3, negative energy resistance 1, electricity
resistance, torment resistance 1, petrification resistance
a: no special abilities


You were on level 4 of the Dungeon.
You visited 1 branch of the dungeon, and saw 4 of its levels.

You collected 157 gold pieces.


Innate Abilities, Weirdness & Mutations

You are immune to sickness and miasma.
Your stone body is resilient. (AC +3)
You are immune to poison.
You resist negative energy. (rN+)
You are resistant to electric shocks. (rElec)
You are resistant to unholy torment.
You are immune to petrification.


   Skills:
 - Level 2.1 Fighting
 + Level 4.2 Ranged Weapons
 - Level 1.0 Armour
 - Level 1.5 Dodging
 - Level 1.0 Spellcasting
 - Level 2.6 Hexes


You had 4 spell levels left.
You knew the following spells:

 Your Spells              Type           Power      Damage    Failure   Level
a - Slow                  Hex            28%        N/A       22%         1

Your spell library contained the following spells:

 Spells                   Type           Power      Damage    Failure   Level
 Inner Flame              Hex/Fire       4%         N/A       73%         3
 Portal Projectile        Hex/Tloc       8%         N/A       73%         3
 Cause Fear               Hex            3%         N/A       91%         4

Inventory:

Hand Weapons
 Y - a +1 heavy sling (weapon)
Armour
 n - a +0 ring mail (worn)
Jewellery
 b - an amulet of reflection
 d - an amulet of regeneration
 h - a ring of resist corrosion (right hand)
 i - a ring of positive energy
 j - a +6 ring of dexterity (left hand)
 k - an amulet of faith (around neck)
Scrolls
 a - a scroll of identify
Potions
 c - a potion of might
 e - a potion of degeneration {unknown}
 f - a potion of enlightenment
 g - a potion of attraction {unknown}
 m - a potion of curing {unknown}

Dungeon Overview and Level Annotations

Branches:
Dungeon (4/15)
 Temple: D:4-7

Altars:
Cheibriados
Xom


Message History

HP restored.
You see here a +0 flail.
A gnoll comes into view. It is wielding a +0 whip.
Found 7 stones.
The gnoll shouts!
You hear a shout!
A gnoll comes into view. It is wielding a +0 flail.
Enter note:
Enter note: You shoot a sling bullet.
The sling bullet hits the gnoll but does no damage.
You hear a shout!
A gnoll comes into view. It is wielding a +0 flail.
You shoot a sling bullet. The sling bullet hits the gnoll!
The gnoll is heavily wounded.
You shoot a sling bullet.
The sling bullet barely misses the gnoll.
The gnoll hits you but does no damage.
You shoot a sling bullet.
The sling bullet barely misses the gnoll.
The gnoll hits you with a +0 whip.
You shoot a sling bullet. The sling bullet hits the gnoll.
The gnoll is moderately wounded.
The gnoll hits you but does no damage.
You shoot a sling bullet.
The sling bullet closely misses the gnoll.
The gnoll barely misses you. The gnoll hits you with a +0 flail.
The gnoll barely misses you. The gnoll hits you but does no damage.
You shoot a sling bullet. The sling bullet hits the gnoll!
You kill the gnoll!
The gnoll barely misses you. The gnoll hits you with a +0 flail.
The gnoll closely misses you.
You shoot a sling bullet. The sling bullet hits the gnoll!
The gnoll is almost dead.
The gnoll hits you with a +0 flail. The gnoll hits you but does no damage.
The gnoll barely misses you. x2
You shoot a sling bullet.
The sling bullet barely misses the gnoll.
The gnoll hits you with a +0 flail! The gnoll closely misses you.
The gnoll hits you with a +0 flail.
You die...

.. .# .( .# .# .#
####g# #..@g#
#.#### #.#
###########.##
#............#
#.#########..#
#.#########..##
#.#...........#
####.#.....###...#


You could see 2 gnolls.

Vanquished Creatures
  A mummy (D:3)
  A gnoll (D:4)
  3 adders
  2 worms
  An orc (D:4)
  4 bats
  2 endoplasms (D:2)
  2 giant cockroaches
  4 goblins
  2 hobgoblins
  4 kobolds
  5 quokkas
  5 ball pythons
  3 frilled lizards
  6 rats
45 creatures vanquished.

Notes
Turn   | Place    | Note
-------+----------+-------------------------------------------
     0 | D:1      | qw the Gargoyle Hexslinger began the quest for the Orb.
     0 | D:1      | Reached XP level 1. HP: 12/12 MP: 2/2
     0 | D:1      | 0 ||| qw: Version: 0.3-a-46-gb1f654a
     0 | D:1      | 0 ||| qw: Game counter: 2298
     0 | D:1      | 0 ||| qw: Melee chars always use a shield: true
     0 | D:1      | 0 ||| qw: God list: Okawaru
     0 | D:1      | 0 ||| qw: Allow faded altars: false
     0 | D:1      | 0 ||| qw: Do Orc after clearing Dungeon:15 true
     0 | D:1      | 0 ||| qw: Do second Lair branch before Depths: true
     0 | D:1      | 0 ||| qw: Lair rune preference: random
     0 | D:1      | 0 ||| qw: Goals: Normal
     0 | D:1      | 0 ||| PLANNING D:1-11
   103 | D:1      | Reached XP level 2. HP: 16/16 MP: 3/3
   294 | D:1      | Reached skill level 3 in Ranged Weapons
   832 | D:1      | Found a faded altar of an unknown god.
   893 | D:1      | 893 ||| UPGRADING to +0 leather armour.
   903 | D:1      | 903 ||| DROPPING +0 robe.
   904 | D:1      | 904 ||| UPGRADING to amulet of faith.
   909 | D:1      | 909 ||| UPGRADING to +6 ring of dexterity.
   910 | D:1      | 910 ||| READING scroll labelled VOMIOTT XOCKAI.
   911 | D:1      | 911 ||| READING scroll labelled UCIRAUM WUE.
  1012 | D:1      | 1012 ||| READING scroll labelled CIELIAS PUSM.
  1013 | D:1      | 1013 ||| READING scroll labelled UFFECO TEFOE.
  1024 | D:1      | 1024 ||| READING scroll labelled ILADIR SAS.
  1025 | D:1      | 1025 ||| DROPPING scroll of poison.
  1054 | D:2      | Reached XP level 3. HP: 21/21 MP: 4/4
  1612 | D:2      | 1612 ||| READING scroll labelled FUXEAL KAUVORCH.
  1617 | D:2      | 1617 ||| READING scroll labelled NIOMESIZAWA.
  1618 | D:2      | 1618 ||| DRINKING 2 sedimented ruby potions.
  1778 | D:3      | Reached XP level 4. HP: 26/26 MP: 5/5
  1847 | D:3      | Found a shimmering altar of Xom.
  2029 | D:3      | Found a snail-covered altar of Cheibriados.
  2041 | D:3      | Reached skill level 4 in Ranged Weapons
  2127 | D:3      | 2127 ||| UPGRADING to +0 ring mail.
  2137 | D:3      | 2137 ||| DROPPING +0 leather armour.
  2138 | D:3      | 2138 ||| UPGRADING to ring of resist corrosion.
  2139 | D:3      | 2139 ||| READING scroll labelled ANAARHAKAEN.
  2140 | D:3      | 2140 ||| DRINKING 2 clear potions.
  2190 | D:4      | Reached skill level 1 in Armour
  2282 | D:4      | HP: 4/26 [gnoll/+0 flail (8)]
  2282 | D:4      | Slain by a gnoll

Levels and vault maps discovered:
D:1:      eino_arrival_water_star, layout_basic,
          shapermc_ecumenical_altar_mp_vishouse
D:2:      layout_loops_ring
D:3:      layout_rooms, lemuel_crystal_altar, slow_altar_2, chequers_mini_garden
D:4:      layout_loops_ring, minmay_snake_closets, uniq_duvessa, uniq_eustachio

Skill      XL: |  1  2  3  4 |
---------------+-------------+-----
Ranged Weapons | 3 4 |  4.2
Fighting       | 2 |  2.1
Armour         | 1 |  1.0
Dodging        | |  1.5
Spellcasting   | |  1.0
Hexes          | |  2.6

Action                     |  1- 3 |  4- 6 || total
---------------------------+-------+-------++-------
   Fire: Sling             |   152 |    33 ||   185
    Use: Scroll            |     7 |     1 ||     8
         Potion            |     1 |     1 ||     2
 Armour: Robe              |    15 |       ||    15
         Leather armour    |    14 |       ||    14
         Ring mail         |       |     7 ||     7
  Dodge: Dodged            |    53 |    11 ||    64

Table legend:
 A = Non-vault XP
 B = Vault XP
 C = Vault XP percentage of total XP
 D = Non-vault monster count
 E = Vault monster count
 F = Vault count percentage of total count
                 A         B        C        D         E       F
            +---------+---------+-------+---------+---------+-------
      Total |     123 |      18 |  12.8 |      44 |       1 |   2.2
            +---------+---------+-------+---------+---------+-------
        D:1 |      26 |       0 |   0.0 |      16 |       0 |   0.0
        D:2 |      41 |       0 |   0.0 |      10 |       0 |   0.0
        D:3 |      21 |      18 |  46.2 |      12 |       1 |   7.7
        D:4 |      35 |       0 |   0.0 |       6 |       0 |   0.0
            +---------+---------+-------+---------+---------+-------
